Map: Newkirk Precinct TE (Void)

Players

Solar

  • Race: Zerg Zerg
  • Spawn Location: 7:00

Dark - Winner!

  • Race: Zerg Zerg
  • Spawn Location: 5:00

Event: IEM XI Katowice - World Championship 2017

VOD

Have the link to the VOD?

Description

Time

  • Played on: March 4, 2017, 7:24 a.m.
  • Length: 7:54

All games in this series

Show
View Real Time Build Order
Export as new Build Order

Solar Zerg 

Build Orders: Hatch First 

Get SALT Encoding   

  12  0:00  Drone  
  13  0:12  Overlord  
  13  0:17  Drone  
  14  0:31  Drone x2  
  17  0:35  Drone  
  17  0:53  Hatchery  
  17  0:55  Drone  
  17  0:57  Drone  
  17  1:04  Extractor  
  17  1:13  Spawning Pool  
  17  1:17  Drone  
  17  1:20  Drone  
  18  1:29  Drone  
  19  1:38  Overlord  
  19  2:00  Zergling x4, Queen  
  23  2:04  Queen  
  23  2:05  Metabolic Boost  
  23  2:07  Drone  
  26  2:11  Drone  
  27  2:16  Drone  
  28  2:25  Drone, Baneling Nest  
  28  2:27  Drone  
  29  2:32  Drone  
  30  2:37  Drone  
  31  2:51  Hatchery  
  31  2:53  Drone  
  31  2:58  Overlord  
  31  3:01  Drone  
  31  3:04  Zergling x2  
  33  3:07  Zergling x2  
  33  3:11  Baneling x2  
  33  3:12  Drone x2  
  36  3:17  Drone  
  36  3:18  Zergling x2  
  38  3:21  Zergling x2  
  38  3:23  Drone  
  40  3:27  Drone x2  
  40  3:31  Zergling x2  
  40  3:34  Overlord  
  42  3:40  Drone  
  43  3:44  Baneling  
  43  3:45  Overlord  
  43  3:49  Zergling x2, Overlord  
  43  3:51  Baneling  
  43  3:52  Zergling x2  
  43  3:54  Drone  
  38  3:59  Drone  
  38  4:00  Drone x2  
  41  4:03  Drone x2  
  42  4:11  Zergling x2  
  42  4:12  Drone  
  42  4:14  Queen  
  42  4:16  Drone  
  47  4:21  Drone  
  47  4:22  Drone  
  49  4:24  Drone x2  
  49  4:26  Drone  
  49  4:27  Drone  
  52  4:33  Extractor  
  52  4:35  Drone  
  52  4:38  Roach Warren, Drone  
  52  4:41  Zergling x4  
  52  4:43  Zergling x2  
  52  4:45  Drone  
  54  4:46  Drone  
  51  4:52  Drone  
  51  4:53  Drone  
  51  4:54  Drone  
  51  4:57  Drone  
  51  4:59  Drone  
  55  5:01  Drone  
  55  5:05  Drone  
  57  5:07  Drone x2  
  57  5:11  Overlord  
  58  5:15  Evolution Chamber  
  57  5:22  Zergling x6  
  57  5:27  Drone x2  
  59  5:30  Drone  
  59  5:34  Drone x2  
  59  5:35  Lair  
  60  5:37  Drone  
  60  5:38  Drone x3  
  60  5:39  Extractor  
  60  5:42  Zerg Missile Weapons Level 1, Baneling  
  63  5:43  Drone  
  63  5:46  Baneling, Drone  
  63  5:47  Drone  
  66  5:50  Drone  
  66  5:54  Drone x3  
  70  5:58  Roach x3  
  70  6:02  Overlord  
  76  6:05  Roach x2  
  79  6:12  Drone x4  
  79  6:14  Overlord  
  79  6:18  Overlord, Extractor  
  81  6:19  Extractor  
  81  6:21  Overlord  
  81  6:25  Roach x3  
  86  6:27  Drone  
  86  6:28  Drone  
  86  6:30  Overlord  
  88  6:33  Overseer  
  88  6:34  Glial Reconstitution  
  88  6:36  Drone  
  89  6:40  Drone x3  
  89  6:41  Overlord  
  89  6:43  Roach  
  94  6:48  Roach x3  
  94  6:50  Drone x2  
  94  6:51  Drone  
  94  6:52  Drone  
  97  6:57  Drone  
  97  6:59  Drone  
  99  7:03  Drone  
  99  7:05  Drone  
  99  7:07  Drone  
  99  7:08  Overlord  
  102  7:09  Overseer, Roach x3  
  102  7:11  Roach  
  102  7:12  Ravager x2  
  102  7:13  Ravager  
  102  7:14  Ravager  
  114  7:16  Roach x2  
  114  7:20  Overlord  
  114  7:21  Roach  
  119  7:24  Roach  
  119  7:26  Roach x2  
  119  7:27  Ravager x2  
  119  7:29  Roach  
  129  7:31  Roach  
Show
View Real Time Build Order
Export as new Build Order

Dark Zerg - Winner!

Build Orders: Hatch First, Zergling Baneling 

Get SALT Encoding   

  12  0:01  Drone  
  13  0:13  Overlord  
  13  0:18  Drone  
  14  0:31  Drone  
  14  0:32  Drone  
  16  0:36  Drone  
  17  0:54  Hatchery  
  17  0:56  Drone  
  17  1:00  Drone  
  18  1:07  Extractor  
  17  1:15  Spawning Pool  
  17  1:17  Drone  
  17  1:21  Drone  
  18  1:29  Drone  
  19  1:40  Overlord  
  19  1:53  Drone  
  20  2:02  Queen  
  20  2:03  Zergling x2  
  20  2:05  Queen  
  20  2:06  Drone  
  20  2:07  Metabolic Boost  
  26  2:15  Drone  
  27  2:21  Drone  
  28  2:25  Zergling x2  
  29  2:31  Baneling Nest  
  29  2:34  Zergling x4  
  30  2:41  Overlord  
  30  2:45  Drone  
  30  2:48  Drone  
  32  2:54  Drone  
  33  3:00  Drone  
  33  3:05  Hatchery  
  33  3:13  Zergling x6  
  33  3:15  Zergling x2  
  33  3:17  Baneling  
  33  3:18  Baneling  
  37  3:23  Zergling x2  
  37  3:24  Drone x2  
  37  3:26  Baneling  
  40  3:27  Baneling  
  40  3:31  Zergling x2  
  41  3:34  Overlord  
  41  3:37  Baneling x2  
  40  3:49  Zergling x4  
  40  3:53  Drone x3  
  43  4:00  Drone x2  
  45  4:04  Baneling x2, Drone  
  45  4:05  Extractor  
  45  4:07  Drone  
  45  4:08  Drone x2  
  46  4:10  Baneling x2  
  46  4:13  Queen  
  48  4:18  Drone x2  
  50  4:28  Zergling x2  
  50  4:29  Zergling x6  
  53  4:35  Roach Warren  
  51  4:39  Drone  
  51  4:40  Drone x2  
  51  4:41  Drone  
  51  4:42  Drone  
  51  4:43  Drone  
  57  4:52  Zergling x2, Overlord  
  57  4:55  Overlord  
  57  4:58  Evolution Chamber  
  54  5:03  Drone  
  54  5:06  Zergling x4, Drone  
  57  5:10  Lair  
  57  5:13  Extractor, Baneling x2, Drone x3  
  59  5:16  Zergling x2  
  59  5:17  Drone  
  59  5:20  Drone  
  59  5:33  Zerg Missile Weapons Level 1  
  59  5:35  Roach x3  
  63  5:36  Roach x2  
  63  5:37  Drone x3  
  63  5:41  Drone x2  
  72  5:43  Drone x2  
  72  5:46  Overlord  
  74  5:58  Extractor  
  74  6:00  Overlord x2  
  73  6:06  Roach x4  
  73  6:10  Overlord  
  80  6:11  Glial Reconstitution  
  80  6:15  Overlord  
  80  6:17  Overlord  
  78  6:20  Roach x2  
  78  6:21  Roach x3  
  78  6:22  Drone  
  78  6:25  Roach  
  91  6:33  Overlord  
  91  6:34  Roach x2  
  91  6:38  Roach  
  91  6:39  Extractor  
  98  6:40  Roach  
  98  6:41  Roach  
  98  6:44  Roach  
  102  6:48  Roach  
  102  6:51  Roach x6  
  115  6:56  Roach x2  
  115  6:57  Unknown, Roach  
  115  7:01  Roach  
  123  7:03  Overlord  
  123  7:06  Roach x2  
  123  7:08  Roach  
  129  7:14  Overlord  
  129  7:20  Overlord  
  129  7:22  Roach x3  
  137  7:23  Roach  

Tags
 
Add a new tag
Caveats
  • Supply blocks, unpowered buildings, or Contaminate may cause inaccurate times.
  • Supply counts are checked every 10 seconds.